 Dungeon Crawl Stone Soup version 0.28-a0-667-g162e43154e (webtiles) character file.

Game seed: 1159771719451013188

61 Lekart the Skirmisher (level 3, -3/27 (29) HPs)
             Began as a Draconian Fighter on Oct 17, 2021.
             Was a Follower of Hepliaklqana.
             Killed by divine providence
             ... invoked by an orc priest
              (11 damage)
             ... on level 2 of the Dungeon.
             The game lasted 00:01:30 (1108 turns).

Lekart the Skirmisher (Draconian Fighter)           Turns: 1108, Time: 00:01:31

HP:   -3/27 (29)    AC:  5    Str: 19    XL:     3   Next: 83%
MP:   3/3           EV: 12    Int:  8    God:    Hepliaklqana [*.....]
Gold: 35            SH:  4    Dex: 10    Spells: 2/2 levels left

rFire   . . .      SeeInvis .   a - +0 long sword
rCold   . . .      Faith    .   b - +0 buckler
rNeg    . . .      Spirit   .   (armour unavailable)
rPois   .          Reflect  .   (helmet restricted)
rElec   .          Harm     .   (no cloak)
rCorr   .          Rampage  .   (no gloves)
Will    .....                   (no boots)
Stlth   +.........              (no amulet)
HPRegen 0.09/turn               (no ring)
MPRegen 0.08/turn               (no ring)

@: drained
A: reduced essence, AC +5, unfitting armour, cold-blooded
a: Renounce Religion, Recall Ancestor, Ancestor Identity


You were on level 2 of the Dungeon.
You worshipped Hepliaklqana.
Hepliaklqana was aware of your devotion.
You visited 1 branch of the dungeon, and saw 2 of its levels.

You collected 35 gold pieces.

Inventory:

Hand Weapons
 a - a +0 long sword (weapon)
Armour
 b - a +0 buckler (worn)
Scrolls
 d - a scroll of enchant armour {unknown}
 e - a scroll of teleportation {unknown}
 f - a scroll of magic mapping {unknown}
 g - a scroll of holy word {unknown}
Potions
 c - a potion of might
 h - 2 potions of lignification {unknown}
 i - a potion of attraction {unknown}


   Skills:
 + Level 3.9 Fighting
 + Level 2.4 Long Blades
 + Level 3.2 Dodging
 + Level 0.1 Stealth
 + Level 3.6 Shields


You had 2 spell levels left.
You didn't know any spells.
Your spell library was empty.

Dungeon Overview and Level Annotations

Branches:
Dungeon (2/15)

Altars:
Hepliaklqana


Innate Abilities, Weirdness & Mutations

Your life essence is reduced to manifest your ancestor. (-10% HP)
Your plain brown scales are hard. (AC +5)
You cannot fit into any form of body armour.
You are cold-blooded and may be slowed by cold attacks.


Message History

An orc is nearby!
An orc priest comes into view. It is wielding a +1 vorpal trident.
There are monsters nearby!
The orc priest shouts!
There are monsters nearby!
You hit the orc.
The orc is heavily wounded.
The orc barely misses you.
Nenetl closely misses the orc.
There are monsters nearby!
You hit the orc.
You kill the orc!
You swap places.
The orc priest misses you.
You hit the orc priest.
The orc priest is lightly wounded.
The orc priest hits you with a +1 vorpal trident!
You are too injured to fight recklessly!
You are too injured to fight recklessly!
You are too injured to fight recklessly!
You hit the orc priest but do no damage.
Your tail-slap misses the orc priest.
The orc priest is lightly wounded.
Nenetl hits the orc priest but does no damage.
You block the orc priest's attack.
Nenetl hits the orc priest but does no damage.
You closely miss the orc priest.
The orc priest is lightly wounded.
The orc priest completely misses you.
Nenetl completely misses the orc priest.
The orc priest closely misses you.
You barely miss the orc priest. You tail-slap the orc priest.
The orc priest is heavily wounded.
Nenetl hits the orc priest.
The orc priest hits you with a +1 vorpal trident.
* * * LOW HITPOINT WARNING * * *
You barely miss the orc priest.
The orc priest is heavily wounded.
Nenetl barely misses the orc priest.
The orc priest invokes the aid of Beogh against you.
Beogh smites you!
You die...

###... #.....#
######.
.......#####.......
.................#
........#........#
........#........#
.......o#........#.
......R@#..........
......)...).......#
......##...####....
#.##..#
##†...##..##
#.##..# #..##....##
#.#...###.###......
#.#....†.$..†......
#....#......)......
#.#................


You could see the friendly Nenetl the ancestor and an orc priest (ally target).

Vanquished Creatures
  3 adders (D:2)
  3 dart slugs (D:2)
  An orc (D:2)
  An endoplasm (D:1)
  2 goblins
  A hobgoblin (D:1)
  4 ball pythons
  4 bats
  A frilled lizard (D:2)
  3 kobolds
23 creatures vanquished.

Vanquished Creatures (collateral kills)
  A worm (D:2)
  An orc (D:2)
  A bat (D:1)
  A frilled lizard (D:2)
4 creatures vanquished.

Grand Total: 27 creatures vanquished

Notes
Turn   | Place    | Note
-------+----------+-------------------------------------------
     0 | D:1      | Lekart the Draconian Fighter began the quest for the Orb.
     0 | D:1      | Reached XP level 1. HP: 19/19 MP: 1/1
    56 | D:1      | Found a faded altar of an unknown god.
   222 | D:1      | Prayed at the altar of an unknown god.
   222 | D:1      | Became a worshipper of Hepliaklqana the Forgotten
   222 | D:1      | Reached * piety under Hepliaklqana
   391 | D:1      | Reached XP level 2. HP: 17/23 MP: 2/2
   884 | D:2      | Reached XP level 3. HP: 22/29 MP: 3/3
  1108 | D:2      | Killed from afar by an orc priest

Illustrated notes

Levels and vault maps discovered:
D:1:      nzn_arrival_crosshair, layout_basic, ebering_ecumenical_altar_rust,
          supply_closet_lemuel
D:2:      layout_rooms, basic_altar, uniq_natasha

Skill      XL: |  1  2 |
---------------+-------+-----
Dodging        | 3 |  3.2
Fighting       | |  3.9
Long Blades    | |  2.4
Stealth        | |  0.1
Shields        | |  3.6

Action                   || total
-------------------------++-------
Melee: Long sword        ||    60
       Tailslap          ||     6
Invok: Ancestor Identity ||     1
Armor: Skin              ||    17
Dodge: Dodged            ||    39
Block: Buckler           ||    13

Table legend: (Time is in decaauts)
 A = Elapsed time spent in this place.
 B = Non-inter-level travel time spent in this place.
 C = Inter-level travel time spent in this place.
 D = Time resting spent in this place.
 E = Time spent auto-exploring this place.
 F = Levels seen in this place.
 G = Mean time per level.
                   A        B        C        D        E       F      G
               +--------+--------+--------+--------+--------+-----+--------+
         Total |   1128 |   1117 |     11 |      0 |    926 |   2 |  564.0 |
       Dungeon |   1128 |   1117 |     11 |      0 |    926 |   2 |  564.0 |
               +--------+--------+--------+--------+--------+-----+--------+

Top non-repeatable levels by time:
     D:1: 864 daAuts
     D:2: 264 daAuts
